 Dungeon Crawl Stone Soup version 0.22.1-1-ga44c0e5 (console) character file.

10210 erker the Cleaver (level 11, -8/94 HPs)
             Began as a Hill Orc Fighter on Oct 5, 2018.
             Was a Priest of Makhleb.
             Mangled by an orc warrior
             ... wielding a +0 battleaxe
              (19 damage)
             ... on level 10 of the Dungeon.
             The game lasted 00:31:04 (8577 turns).

erker the Cleaver (Hill Orc Fighter)                Turns: 8577, Time: 00:31:05

Health: -8/94      AC:  9    Str: 23    XL:     11   Next: 58%
Magic:  4/4        EV: 11    Int:  8    God:    Makhleb [***...]
Gold:   659        SH: 10    Dex: 10    Spells: 10/10 levels left

rFire    + + .     SeeInvis .   O - +1 war axe (antimagic)
rCold    . . .     Gourm    .   c - +0 shield
rNeg     . . .     Faith    .   l - +1 ring mail "Ysudap" {rElec rPois rF++ Stlth-} (curse)
rPois    +         Spirit   .   b - +0 helmet
rElec    +         Reflect  .   F - +0 cloak
rCorr    .         Harm     .   (no gloves)
MR       .....     Rnd*Tele +   (no boots)
Stlth    ..........             e - amulet of magic regeneration
HPRegen  0.25/turn              B - ring of teleportation (curse)
MPRegen  0.34/turn              (no ring)

@: drained
A: no striking features
a: Minor Destruction, Lesser Servant of Makhleb, Renounce Religion


You were on level 10 of the Dungeon.
You worshipped Makhleb.
Makhleb was most pleased with you.
You were not hungry.

You visited 2 branches of the dungeon, and saw 11 of its levels.
You also visited: Bailey.

You collected 659 gold pieces.

Inventory:

Hand Weapons
 a - a +0 war axe
 O - a +1 antimagic war axe (weapon)
Missiles
 q - 58 bolts
 A - 43 poisoned needles
 G - 2 curare-tipped needles
 H - 7 javelins (quivered)
 V - 5 needles of frenzy
Armour
 b - a +0 helmet (worn)
 c - a +0 shield (worn)
 h - a +2 hat
 j - a +3 ring mail
 l - the cursed +1 ring mail "Ysudap" (worn) {rElec rPois rF++ Stlth-}
   (You found it in a bailey)

   It greatly protects you from fire.
   It insulates you from electricity.
   It protects you from poison.
   It makes you less stealthy.
   It has a curse placed upon it.
 F - a +0 cloak (worn)
 P - a +2 ring mail of poison resistance
Magical Staves
 T - an uncursed staff of summoning {unknown}
Jewellery
 e - an amulet of magic regeneration (around neck)
 B - a cursed ring of teleportation (left hand)
 K - an uncursed ring of fire {unknown}
Wands
 g - a wand of flame (26)
 E - a wand of paralysis (4)
 I - a wand of acid (8)
 N - a wand of scattershot (7)
Scrolls
 i - a scroll of amnesia
 k - 2 scrolls of teleportation
 n - 2 scrolls of random uselessness {unknown}
 r - 4 scrolls of identify
 t - 5 scrolls of enchant weapon {unknown}
 u - 3 scrolls of enchant armour {unknown}
 w - 3 scrolls of blinking {unknown}
 y - 5 scrolls of remove curse {unknown}
 z - 3 scrolls of fog {unknown}
 J - a scroll of summoning {unknown}
 L - a scroll of silence {unknown}
 Q - a scroll of fear {unknown}
 U - a scroll of immolation {unknown}
Potions
 d - a potion of might
 p - 2 potions of berserk rage
 v - a potion of brilliance {unknown}
 C - a potion of haste {unknown}
 D - 2 potions of flight {unknown}
 M - 2 potions of mutation {unknown}
 S - a potion of invisibility
Comestibles
 f - 23 rations
 R - 5 chunks of flesh


   Skills:
 + Level 8.1(6.9) Fighting
 + Level 13.6(12.1) Axes
 + Level 7.2(6.0) Armour
 * Level 6.6(5.4) Dodging
 + Level 1.4(0.4) Stealth
 + Level 8.1(6.9) Shields
 * Level 4.5(3.4) Evocations


You had 10 spell levels left.
You didn't know any spells.
Your spell library contained the following spells:

 Spells                   Type           Power        Failure   Level  Hunger
 Magic Dart               Conj           #...         88%         1    ##.....
 Blink                    Tloc           N/A          96%         2    ###....
 Call Imp                 Summ           #.......     96%         2    ###....
 Slow                     Hex            #.......     96%         2    ###....
 Conjure Flame            Conj/Fire      #.......     99%         3    ####...
 Mephitic Cloud           Conj/Pois/Air  #.......     99%         3    ####...


Dungeon Overview and Level Annotations

Branches:
Dungeon (10/15)            Temple (1/1) D:7            Lair (0/6) D:10
    Orc: D:9-12

Altars:
Ashenzari
Cheibriados
Dithmenos
Elyvilon
Fedhas
Gozag
Hepliaklqana
Kikubaaqudgha
Makhleb
Nemelex Xobeh
Qazlal
Ru
Sif Muna
Trog
Uskayaw
Vehumet
Wu Jian
Xom
Yredelemnul
Zin
The Shining One

Shops:
D:9 [

Annotations:
D:9 1 exclusion
D:10 Joseph


Message History

The orc warrior is heavily wounded.
You block the orc warrior's attack.
You hit the orc warrior.
The orc warrior is severely wounded.
You hit the orc warrior but do no damage.
The orc warrior is severely wounded.
The orc warrior hits you with a battleaxe!
* * * LOW HITPOINT WARNING * * *
You hit the orc warrior but do no damage.
The orc warrior is severely wounded.
The orc warrior barely misses you.
You hit the orc warrior.
The orc warrior is severely wounded.
The orc hits you but does no damage.
You feel drained.
Joseph unwields an uncursed hunting sling.
Joseph wields an uncursed quarterstaff.
Joseph hits you with an uncursed quarterstaff.
* * * LOW HITPOINT WARNING * * *
The orc warrior hits you with a battleaxe!!
You die...

.................# #........
@..................# #........
..........#'####...# #........
..........'....#...# #........
#........#....#...#####........
#........#....#................
#....@...#....#................
#........######o...............
#.....(.....o@@................
#...####.....o######......#####
#... #......# #......# ..
#......# ######## ######.# #.#
#.# ###


You could see Joseph, an orc warrior and 2 orcs.

Vanquished Creatures
  Nergalle (D:10)
  An unseen horror (D:10)
  An orc knight (Bailey)
  A kobold demonologist (Bailey)
  Grinder (D:3)
  A hippogriff (D:9)
  Sigmund (D:6)
  A vampire (D:10)
  3 yaks (D:10)
  A wraith (D:9)
  The ghost of SaintRoka the Sneak, an amateur NaFE (D:5)
  A hungry ghost (D:10)
  3 water moccasins
  3 black bears (D:10)
  6 sky beasts
  4 orc warriors (Bailey)
  4 ice beasts
  7 ogres
  7 centaurs
  A crocodile (D:10)
  A big kobold (D:9)
  6 bullfrogs
  A scorpion (D:9)
  A water moccasin skeleton (D:9)
  14 killer bees
  4 howler monkeys
  8 wights
  An electric eel (Bailey)
  6 crimson imps
  2 bullfrog zombies
  5 orc wizards
  2 bullfrog skeletons
  A hound (D:10)
  4 orc priests
  5 jellies
  2 centaur skeletons
  Terence (D:2)
  5 iguanas
  7 worker ants
  A worker ant zombie (D:8)
  Robin (D:2)
  8 gnolls
  11 adders
  A howler monkey skeleton (D:8)
  3 shadow imps
  2 oozes
  5 adder skeletons
  4 worms
  2 dart slugs
  10 leopard geckos
  29 orcs
  5 giant cockroaches
  18 hobgoblins
  16 jackals
  9 kobolds
  6 quokkas
  A ball python (D:3)
  4 bats
  6 frilled lizards
  18 goblins
  A goblin skeleton (D:10)
  A hobgoblin zombie (D:10)
  A jackal skeleton (D:4)
  An orc zombie (D:10)
  A quokka skeleton (D:9)
  4 rats
  13 fungi (D:10)
  8 plants (D:10)
315 creatures vanquished.

Vanquished Creatures (others)
  A kobold demonologist (Bailey)
  A sky beast (D:6)
  An orc (Bailey)
  2 hobgoblins (Bailey)
  5 fungi (D:10)
  A plant (D:10)
11 creatures vanquished.

Grand Total: 326 creatures vanquished

Notes
Turn   | Place    | Note
-------+----------+-------------------------------------------
     0 | D:1      | erker the Hill Orc Fighter began the quest for the Orb.
     0 | D:1      | Reached XP level 1. HP: 19/19 MP: 1/1
    78 | D:1      | Reached XP level 2. HP: 15/27 MP: 2/2
   126 | D:1      | Reached skill level 3 in Axes
   342 | D:1      | Reached XP level 3. HP: 31/33 MP: 3/3
   714 | D:2      | Reached skill level 1 in Dodging
   855 | D:2      | Reached XP level 4. HP: 25/40 MP: 4/4
   956 | D:2      | Noticed Robin
   958 | D:2      | Noticed Terence
   964 | D:2      | Killed Robin
   964 | D:2      | Reached skill level 4 in Axes
  1160 | D:2      | Killed Terence
  1478 | D:3      | Reached XP level 5. HP: 45/46 MP: 5/5
  1651 | D:3      | Noticed Grinder
  1663 | D:3      | Paralysed by Grinder for 2 turns
  1666 | D:3      | Killed Grinder
  1666 | D:3      | Reached skill level 6 in Axes
  1666 | D:3      | Reached XP level 6. HP: 38/52 MP: 6/6
  2133 | D:3      | Found a hazy altar of Hepliaklqana.
  2231 | D:4      | Reached XP level 7. HP: 45/59 MP: 7/7
  2271 | D:4      | Reached skill level 7 in Axes
  2365 | D:4      | Found a glowing golden altar of the Shining One.
  2717 | D:4      | Found a blossoming altar of Fedhas.
  2850 | D:5      | Entered Level 5 of the Dungeon
  2865 | D:5      | Reached skill level 5 in Shields
  2895 | D:5      | Found a shimmering altar of Xom.
  2984 | D:5      | Found a large runed door.
  2985 | D:5      | Found a large runed door.
  3019 | D:5      | Found a basalt altar of Yredelemnul.
  3146 | D:5      | Reached XP level 8. HP: 35/67 MP: 8/8
  3190 | D:5      | Noticed SaintRoka's ghost (amateur NaFE)
  3302 | D:5      | Killed SaintRoka's ghost
  3302 | D:5      | Reached skill level 8 in Axes
  3576 | D:5      | Found a shadowy altar of Dithmenos.
  3576 | D:5      | Found a hide-covered altar of Uskayaw.
  3699 | D:6      | Reached skill level 5 in Fighting
  3717 | D:6      | Reached skill level 9 in Axes
  4194 | D:6      | Reached skill level 5 in Armour
  4223 | D:6      | Reached XP level 9. HP: 45/74 MP: 9/9
  4818 | D:6      | Noticed Sigmund
  4847 | D:6      | Killed Sigmund
  4847 | D:6      | Reached skill level 10 in Axes
  5290 | D:7      | Reached skill level 5 in Dodging
  5442 | D:7      | Found a staircase to the Ecumenical Temple.
  5452 | Temple   | Entered the Ecumenical Temple
  5502 | Temple   | Became a worshipper of Makhleb the Destroyer
  5575 | D:7      | Reached skill level 11 in Axes
  5619 | D:7      | Reached XP level 10. HP: 83/83 MP: 10/10
  6197 | D:8      | Reached skill level 1 in Stealth
  6427 | D:8      | Reached * piety under Makhleb
  6455 | D:8      | Reached skill level 1 in Evocations
  6838 | D:9      | Reached skill level 12 in Axes
  6854 | D:9      | Found a flagged portal.
  6854 | D:9      | Found a shattered altar of Ashenzari.
  6879 | Bailey   | Entered a bailey
  6888 | Bailey   | Found an iron altar of Okawaru.
  6888 | Bailey   | Noticed a kobold demonologist
  6888 | Bailey   | Noticed a kobold demonologist
  6889 | Bailey   | Noticed an orc knight
  6895 | Bailey   | Noticed a rust devil
  6900 | Bailey   | Noticed a rust devil
  6904 | Bailey   | HP: 4/86 [iron imp[a kobold demonologist] (1)]
  6910 | Bailey   | Killed an orc knight
  6918 | Bailey   | Killed a kobold demonologist
  6927 | Bailey   | Killed a kobold demonologist
  7014 | Bailey   | Reached ** piety under Makhleb
  7309 | Bailey   | Got an encrusted ring mail
  7320 | Bailey   | Identified the cursed +1 ring mail "Ysudap" {rElec rPois
                  | rF++ Stlth-} (You found it in a bailey)
  7530 | D:9      | Reached XP level 11. HP: 87/92 MP: 4/13
  7746 | D:9      | Found Jeb Rajej's Antique Armour Boutique.
  7801 | D:9      | Reached skill level 13 in Axes
  7818 | D:9      | Found a stormy altar of Qazlal.
  7959 | D:10     | Entered Level 10 of the Dungeon
  7990 | D:10     | Killed an unseen horror
  8076 | D:10     | Found a staircase to the Lair.
  8090 | D:10     | Reached *** piety under Makhleb
  8299 | D:10     | Noticed Nergalle
  8342 | D:10     | Noticed a spectral orc warlord
  8368 | D:10     | Killed Nergalle
  8496 | D:10     | Found a shadowy altar of Dithmenos.
  8553 | D:10     | Noticed Joseph
  8577 | D:10     | Mangled by an orc warrior

Skill      XL: |  1  2  3  4  5  6  7  8  9 10 11 |
---------------+----------------------------------+-----
Axes           | 3 4 6 7 9 11 12 13 | 13.6
Dodging        | 1 2 3 4 5 6 |  6.6
Fighting       | 4 5 6 7 8 |  8.1
Shields        | 4 5 6 7 8 |  8.1
Armour         | 4 5 6 7 |  7.2
Stealth        | 1 |  1.4
Evocations     | 3 4 |  4.5

Action                   |  1- 3 |  4- 6 |  7- 9 | 10-12 || total
-------------------------+-------+-------+-------+-------++-------
Melee: War axe           |   111 |   157 |   367 |   507 ||  1142
Evoke: Wand              |       |       |     7 |    17 ||    24
  Use: Potion            |       |       |     3 |    10 ||    13
       Scroll            |       |       |     8 |       ||     8
 Stab: Paralysed         |       |       |     3 |       ||     3
       Invisible         |       |       |       |     7 ||     7
  Eat: Chunk             |       |     5 |    11 |    13 ||    29
Armor: Scale mail        |    53 |    82 |   112 |    67 ||   314
       Ring mail         |       |       |       |    82 ||    82
       Skin              |       |       |       |    17 ||    17
Dodge: Dodged            |    39 |    47 |   111 |   215 ||   412
Block: Shield            |    70 |    97 |   167 |   252 ||   586
